 Dungeon Crawl Stone Soup version 0.27-a0-937-g420bc24 (webtiles) character file.

Game seed: 12871929985237072154

8 Nithhogg the Skirmisher (level 2, 24/24 HPs)
             Began as a Demonspawn Fighter on Apr 10, 2021.
             Quit the game on level 1 of the Dungeon.
             The game lasted 00:00:28 (376 turns).

Nithhogg the Skirmisher (Demonspawn Fighter)         Turns: 376, Time: 00:00:28

Health: 24/24      AC:  6    Str: 16    XL:     2   Next: 0%
Magic:  2/2        EV:  6    Int:  9    God:
Gold:   9          SH:  8    Dex: 12    Spells: 1/1 levels left

rFire    . . .     SeeInvis .   a - +0 long sword
rCold    . . .     Faith    .   c - +0 kite shield
rNeg     . . .     Spirit   .   b - +0 scale mail
rPois    .         Reflect  .   (no helmet)
rElec    .         Harm     .   (no cloak)
rCorr    .         Rampage  .   (no gloves)
Will     .....                  (no boots)
Stlth    ..........             (no amulet)
HPRegen  0.08/turn              (no ring)
MPRegen  0.08/turn              (no ring)

@: no status effects
A: talons 1
a: no special abilities


You were on level 1 of the Dungeon.
You visited 1 branch of the dungeon, and saw 1 of its levels.

You collected 9 gold pieces.

Inventory:

Hand Weapons
 a - a +0 long sword (weapon)
Armour
 b - a +0 scale mail (worn)
 c - a +0 kite shield (worn)
Scrolls
 e - a scroll of identify {unknown}
Potions
 d - a potion of might
 f - 2 potions of heal wounds {unknown}


   Skills:
 + Level 3.1 Fighting
 + Level 1.9 Long Blades
 + Level 2.8 Armour
 + Level 2.8 Shields
 + Level 0.8 Invocations


You had one spell level left.
You didn't know any spells.
Your spell library was empty.

Dungeon Overview and Level Annotations

Branches:
Dungeon (1/15)

Altars:


Innate Abilities, Weirdness & Mutations

You have sharp toenails.


Message History

No target in view!
No target in view!
No target in view!
No target in view!
No target in view!
No target in view!
Found a ring mail.
A ball python comes into view.
The ball python hisses angrily.
Found a stone staircase leading down.
A ball python is nearby!
You hit the ball python.
You kill the ball python!
No target in view!
No target in view!
No target in view!
No target in view!
No target in view!
No target in view!
e - a scroll labelled LINTOJ QEXEH You see here a ball python corpse.
Found a ring mail.
f - 2 fizzy coppery potions No target in view!
A frilled lizard comes into view.
A frilled lizard is nearby!
The frilled lizard bites you.
Found 9 gold pieces.
You barely miss the frilled lizard. You block the frilled lizard's attack.
You closely miss the frilled lizard. The frilled lizard closely misses you.
You riposte.
You hit the frilled lizard.
You kill the frilled lizard!
You have reached level 2!
You feel monstrous as your demonic heritage exerts itself.
Your demonic ancestry asserts itself...
Your toenails lengthen and sharpen.
You now have 9 gold pieces.
A hobgoblin comes into view.
The hobgoblin shouts!
Are you sure you want to abandon this character and quit the game? (Confirm with "yes".)

.####.#......#.#..
.......#######.#.#
#####..# #.#.#
#[.# #.#.# #..#
#.#.# #... #.#.##
##.## #....# #.#
###..# #.# #@.# ..
#...........
...g....#######
#########


You could see a hobgoblin.

Vanquished Creatures
  A dart slug (D:1)
  A hobgoblin (D:1)
  A quokka (D:1)
  A ball python (D:1)
  2 frilled lizards (D:1)
  A kobold (D:1)
7 creatures vanquished.

Notes
Turn   | Place    | Note
-------+----------+-------------------------------------------
     0 | D:1      | Nithhogg the Demonspawn Fighter began the quest for the
                  | Orb.
     0 | D:1      | Reached XP level 1. HP: 18/18 MP: 1/1
     0 | D:1      | Noticed a naga
     4 | D:1      | Noticed a minotaur zombie
     6 | D:1      | Noticed a minotaur skeleton
     7 | D:1      | Noticed a merfolk zombie
    13 | D:1      | Noticed a vampire
    15 | D:1      | Noticed a ghoul
    15 | D:1      | Noticed a gargoyle
    17 | D:1      | Noticed a vampire
    21 | D:1      | Noticed a naga
   317 | D:1      | Gained mutation: You have sharp toenails. [demonic
                  | ancestry]
   317 | D:1      | Reached XP level 2. HP: 20/24 MP: 2/2
   376 | D:1      | Quit the game

Illustrated notes

Levels and vault maps discovered:
D:1:      shiori_arrival_whats_in_store_for_you, layout_basic

Action                   || total
-------------------------++-------
Melee: Long sword        ||    19
Armor: Scale mail        ||     7
Dodge: Dodged            ||     4
Block: Kite shield       ||     8
       Rpst.: Long sword ||     2

Table legend: (Time is in decaauts)
 A = Elapsed time spent in this place.
 B = Non-inter-level travel time spent in this place.
 C = Inter-level travel time spent in this place.
 D = Time resting spent in this place.
 E = Time spent auto-exploring this place.
 F = Levels seen in this place.
 G = Mean time per level.
                   A        B        C        D        E       F      G
               +--------+--------+--------+--------+--------+-----+--------+
         Total |    386 |    386 |      0 |      0 |    330 |   1 |  386.0 |
       Dungeon |    386 |    386 |      0 |      0 |    330 |   1 |  386.0 |
               +--------+--------+--------+--------+--------+-----+--------+

Top non-repeatable levels by time:
     D:1: 386 daAuts
